| TOP OF THE 1ST |
|
Batavia Muckdogs batting - Pitching for Auburn Doubledays : RHP Sentos Alatas
|
|
Pitching: RHP Sentos Alatas
|
|
|
Batting: SHB Justin Corbett
|
0-0: Ball 1-0: SINGLE (Groundball, 34D, EV 95.6 MPH)
|
|
Batting: LHB Danny Treto
|
0-0: Ball 1-0: Ball 2-0: Ball Wild Pitch! Justin Corbett to second 3-0: Base on Balls
|
|
Batting: RHB Reomel Somera
|
0-0: Ball 1-0: Ball 2-0: Ball 3-0: Called Strike 3-1: Fly out, F7 (Flyball, 7, EV 90.6 MPH)
|
|
Batting: RHB Justin Dunham
|
0-0: Foul Ball, location: 2F 0-1: Reached on error, E1 (Groundball, 13S, EV 66.2 MPH) Justin Corbett to third Danny Treto to second
|
|
Batting: RHB Andy Kelly
|
0-0: Called Strike 0-1: Grounds out, U3 (Groundball, 3L, EV 88.1 MPH) Justin Corbett scores Danny Treto to third
|
|
Batting: RHB George Boivin
|
0-0: Ball Balk! Danny Treto scores Justin Dunham to third 1-0: Foul Ball, location: 2F 1-1: Foul Ball, location: 2F 1-2: Strikes out swinging
|
| Top of the 1st over - 2 runs, 1 hit, 1 error, 1 left on base; Batavia 2 - Auburn 0 |
| BOTTOM OF THE 1ST |
|
Auburn Doubledays batting - Pitching for Batavia Muckdogs : RHP Rodolfo Mendez
|
|
Pitching: RHP Rodolfo Mendez
|
|
|
Batting: LHB Yasuo Igarashi
|
0-0: Called Strike 0-1: Hit by Pitch
|
|
Batting: RHB Lamar Thornton
|
0-0: Ball 1-0: Ball 2-0: Called Strike 2-1: Swinging Strike 2-2: Ball 3-2: Base on Balls Yasuo Igarashi to second
|
|
Batting: RHB Bryan Wheeler
|
0-0: Ball 1-0: Ball 2-0: Swinging Strike 2-1: Called Strike 2-2: Strikes out swinging
|
|
Batting: RHB Leo Gutierrez
|
0-0: Foul Ball, location: 2F 0-1: Ball 1-1: Ball 2-1: Ball 3-1: Base on Balls Yasuo Igarashi to third Lamar Thornton to second
|
|
Batting: LHB Vince McLane
|
0-0: Ball 1-0: Ball 2-0: DOUBLE (Groundball, 3L, EV 107.5 MPH) Yasuo Igarashi scores Lamar Thornton scores Leo Gutierrez to third
|
|
Batting: SHB Alex Medina
|
0-0: Ball 1-0: Called Strike 1-1: Swinging Strike 1-2: Strikes out swinging
|
|
Batting: LHB Adam Lancaster
|
0-0: Foul Ball, location: 2F 0-1: Ball 1-1: Foul Ball, location: 2F 1-2: Foul Ball, location: 2F 1-2: Ball 2-2: Strikes out swinging
|
| Bottom of the 1st over - 2 runs, 1 hit, 0 errors, 2 left on base; Batavia 2 - Auburn 2 |
| TOP OF THE 2ND |
|
Batavia Muckdogs batting - Pitching for Auburn Doubledays : RHP Sentos Alatas
|
|
Batting: RHB Jim Fisher
|
0-0: Called Strike 0-1: DOUBLE (Groundball, 5L, EV 101.2 MPH)
|
|
Batting: RHB Hiromitsu Yamada
|
0-0: Foul Ball, location: 2F 0-1: Ball 1-1: Called Strike 1-2: Ball 2-2: Foul Ball, location: 2F 2-2: Strikes out swinging
|
|
Batting: RHB Jeremy Dennis
|
0-0: Ball 1-0: Called Strike 1-1: Called Strike 1-2: Ground out 3-1 (Groundball, 13, EV 86.9 MPH) Jim Fisher to third
|
|
Batting: SHB Justin Corbett
|
0-0: Foul Ball, location: 2F 0-1: Called Strike 0-2: Ball 1-2: Foul Ball, location: 2F 1-2: Ball Wild Pitch! Jim Fisher scores 2-2: Ball 3-2: DOUBLE (Line Drive, 89D, EV 114.4 MPH)
|
|
Batting: LHB Danny Treto
|
0-0: Ball 1-0: Foul Ball, location: 2F 1-1: Ball 2-1: Ball 3-1: Foul Ball, location: 2F 3-2: Strikes out swinging
|
| Top of the 2nd over - 1 run, 2 hits, 0 errors, 1 left on base; Batavia 3 - Auburn 2 |
| BOTTOM OF THE 2ND |
|
Auburn Doubledays batting - Pitching for Batavia Muckdogs : RHP Rodolfo Mendez
|
|
Batting: RHB Joe Young
|
0-0: Swinging Strike 0-1: Swinging Strike 0-2: Strikes out swinging
|
|
Batting: RHB Jessie Fisher
|
0-0: Ball 1-0: Ball 2-0: Ball 3-0: Called Strike 3-1: Base on Balls
|
|
Batting: LHB Yasuo Igarashi
|
0-0: Ball 1-0: Ball 2-0: Ball 3-0: Called Strike 3-1: Swinging Strike 3-2: TRIPLE (Flyball, 89XD, EV 96.9 MPH) Jessie Fisher scores
|
|
Batting: RHB Lamar Thornton
|
0-0: Called Strike 0-1: Ball 1-1: Foul Ball, location: 2F Balk! Yasuo Igarashi scores 1-2: Fly out, F9 (Flyball, 9LM, EV 99.4 MPH)
|
|
Batting: RHB Bryan Wheeler
|
0-0: Ball 1-0: DOUBLE (Line Drive, 7LM, EV 99.4 MPH)
|
|
Batting: RHB Leo Gutierrez
|
0-0: SINGLE (Groundball, 56D, EV 96.9 MPH) Bryan Wheeler to third Runner from 3rd tries for Home, SAFE, throw by LF to home
|
|
Batting: LHB Vince McLane
|
0-0: Foul Ball, location: 2F 0-1: Ball 1-1: Ball 2-1: SINGLE (Groundball, 4D, EV 106.2 MPH) Leo Gutierrez to second Throwing error, E8 Leo Gutierrez scores Vince McLane to second
|
|
Batting: SHB Alex Medina
|
0-0: Ball 1-0: Ball 2-0: Ball 3-0: Called Strike 3-1: Ground out 6-3 (Groundball, 6M, EV 84.4 MPH)
|
| Bottom of the 2nd over - 4 runs, 4 hits, 1 error, 1 left on base; Batavia 3 - Auburn 6 |
| TOP OF THE 3RD |
|
Batavia Muckdogs batting - Pitching for Auburn Doubledays : RHP Sentos Alatas
|
|
Batting: RHB Reomel Somera
|
0-0: Called Strike 0-1: Ball 1-1: Fly out, F8 (Flyball, 78D, EV 95.6 MPH)
|
|
Batting: RHB Justin Dunham
|
0-0: Called Strike 0-1: Foul Ball, location: 2F 0-2: Ball 1-2: DOUBLE (Groundball, 5L, EV 101.2 MPH)
|
|
Batting: RHB Andy Kelly
|
0-0: Ball 1-0: Ball 2-0: Ball 3-0: Base on Balls
|
|
Batting: RHB George Boivin
|
Balk! Justin Dunham to third Andy Kelly to second 0-0: Foul Ball, location: 2F 0-1: Ball 1-1: Ball 2-1: SINGLE (Groundball, 56S, EV 71.2 MPH) (infield hit) Justin Dunham scores Andy Kelly to third
|
|
Batting: RHB Jim Fisher
|
0-0: Swinging Strike Balk! Andy Kelly scores George Boivin to second 0-1: Foul Ball, location: 2F 0-2: Ball 1-2: Foul Ball, location: 2F 1-2: Ball 2-2: Fly out, F9 (Line Drive, 9D, EV 98.1 MPH)
|
|
Batting: RHB Hiromitsu Yamada
|
0-0: Foul Ball, location: 2F 0-1: Foul Ball, location: 2F 0-2: Ball 1-2: Foul Ball, location: 2F 1-2: Ball 2-2: Foul Ball, location: 2F 2-2: Fly out, F2 (Popup, 25F, EV 87.5 MPH)
|
| Top of the 3rd over - 2 runs, 2 hits, 0 errors, 1 left on base; Batavia 5 - Auburn 6 |
| BOTTOM OF THE 3RD |
|
Auburn Doubledays batting - Pitching for Batavia Muckdogs : RHP Rodolfo Mendez
|
|
Batting: LHB Adam Lancaster
|
0-0: Ball 1-0: Foul Ball, location: 2F 1-1: Ball 2-1: Fly out, F7 (Flyball, 7S, EV 89.4 MPH)
|
|
Batting: RHB Joe Young
|
0-0: Ball 1-0: Foul Ball, location: 2F 1-1: Fly out, F7 (Flyball, 7, EV 92.5 MPH)
|
|
Batting: RHB Jessie Fisher
|
0-0: Called Strike 0-1: Ball 1-1: Foul Ball, location: 2F 1-2: Strikes out looking
|
| Bottom of the 3rd over - 0 runs, 0 hits, 0 errors, 0 left on base; Batavia 5 - Auburn 6 |
| TOP OF THE 4TH |
|
Batavia Muckdogs batting - Pitching for Auburn Doubledays : RHP Sentos Alatas
|
|
Batting: RHB Jeremy Dennis
|
0-0: Called Strike 0-1: Ground out 6-3 (Groundball, 56, EV 85.6 MPH)
|
|
Batting: SHB Justin Corbett
|
0-0: Called Strike 0-1: Ball 1-1: Ball 2-1: Ground out 6-3 (Groundball, 4M, EV 111.9 MPH)
|
|
Batting: LHB Danny Treto
|
0-0: Swinging Strike 0-1: Ball 1-1: Swinging Strike 1-2: Strikes out swinging
|
| Top of the 4th over - 0 runs, 0 hits, 0 errors, 0 left on base; Batavia 5 - Auburn 6 |
| BOTTOM OF THE 4TH |
|
Auburn Doubledays batting - Pitching for Batavia Muckdogs : RHP Rodolfo Mendez
|
|
Pitching: RHP Matt Slater
|
|
|
Batting: LHB Yasuo Igarashi
|
0-0: Ball 1-0: Foul Ball, location: 2F 1-1: Foul Ball, location: 2F 1-2: Foul Ball, location: 2F 1-2: DOUBLE (Line Drive, 8LXD, EV 103.1 MPH)
|
|
Batting: RHB Lamar Thornton
|
0-0: Ball 1-0: Called Strike 1-1: Ball 2-1: Ball 3-1: Foul Ball, location: 2F 3-2: Ground out U3 (Groundball, 34, EV 89.4 MPH) Yasuo Igarashi to third
|
|
Batting: RHB Bryan Wheeler
|
0-0: Foul Ball, location: 2F 0-1: Ball 1-1: Ball 2-1: Ball 3-1: Fly out, F9 (Line Drive, 89M, EV 104.4 MPH) Runner from 3rd tags up, SCORES, no throw by RF
|
|
Batting: RHB Leo Gutierrez
|
0-0: Foul Ball, location: 2F 0-1: Foul Ball, location: 2F 0-2: Ball 1-2: Ball 2-2: Foul Ball, location: 2F 2-2: Strikes out swinging
|
| Bottom of the 4th over - 1 run, 1 hit, 0 errors, 0 left on base; Batavia 5 - Auburn 7 |
| TOP OF THE 5TH |
|
Batavia Muckdogs batting - Pitching for Auburn Doubledays : RHP Sentos Alatas
|
|
Pitching: RHP Josh Jenkins
|
|
|
Batting: RHB Reomel Somera
|
0-0: Swinging Strike 0-1: Ground out U3 (Groundball, 34, EV 85.0 MPH)
|
|
Batting: RHB Justin Dunham
|
0-0: Ball 1-0: Called Strike 1-1: Ball 2-1: Called Strike 2-2: Ball 3-2: Ground out 6-3 (Groundball, 6, EV 85.0 MPH)
|
|
Batting: RHB Andy Kelly
|
0-0: Ball 1-0: Called Strike 1-1: Ball 2-1: Ball 3-1: Base on Balls
|
|
Batting: RHB George Boivin
|
0-0: Called Strike 0-1: Ball 1-1: Ball 2-1: SINGLE (Line Drive, 7S, EV 95.6 MPH) Andy Kelly to second Runner from 2nd tries for 3rd, SAFE, throw by LF made to third
|
|
Batting: RHB Jim Fisher
|
0-0: Swinging Strike 0-1: Ball 1-1: Ball Wild Pitch! Andy Kelly scores George Boivin to second 2-1: SINGLE (Groundball, 34D, EV 95.6 MPH) George Boivin to third
|
|
Batting: RHB Hiromitsu Yamada
|
0-0: Ball 1-0: Ball 2-0: Called Strike 2-1: Foul Ball, location: 2F 2-2: Strikes out swinging
|
| Top of the 5th over - 1 run, 2 hits, 0 errors, 2 left on base; Batavia 6 - Auburn 7 |
| BOTTOM OF THE 5TH |
|
Auburn Doubledays batting - Pitching for Batavia Muckdogs : RHP Matt Slater
|
|
Batting: LHB Vince McLane
|
0-0: Called Strike 0-1: Ball 1-1: Ground out 5-3 (Groundball, 56, EV 90.0 MPH)
|
|
Batting: SHB Alex Medina
|
0-0: Ball 1-0: Swinging Strike 1-1: Ball 2-1: Ball 3-1: Called Strike 3-2: Base on Balls
|
|
Batting: LHB Adam Lancaster
|
0-0: Foul Ball, location: 2F 0-1: Called Strike 0-2: Foul Ball, location: 2F 0-2: Ball 1-2: Strikes out swinging
|
|
Batting: RHB Joe Young
|
0-0: Ball 1-0: Ball 2-0: Foul Ball, location: 2F 2-1: Foul Ball, location: 2F 2-2: Foul Ball, location: 2F 2-2: Strikes out swinging
|
| Bottom of the 5th over - 0 runs, 0 hits, 0 errors, 1 left on base; Batavia 6 - Auburn 7 |
| TOP OF THE 6TH |
|
Batavia Muckdogs batting - Pitching for Auburn Doubledays : RHP Josh Jenkins
|
|
Batting: RHB Jeremy Dennis
|
0-0: Called Strike 0-1: Called Strike 0-2: Ground out 5-3 (Groundball, 56, EV 83.8 MPH)
|
|
Batting: SHB Justin Corbett
|
0-0: Called Strike 0-1: Foul Ball, location: 2F 0-2: Ball 1-2: Ball 2-2: Foul Ball, location: 2F 2-2: Foul Ball, location: 2F 2-2: Foul Ball, location: 2F 2-2: Ball 3-2: SINGLE (Line Drive, 89S, EV 102.5 MPH)
|
|
Pitching: RHP Steve Barnes
|
|
|
Batting: LHB Danny Treto
|
0-0: Ball 1-0: Fielders Choice at 2nd, 1-6 (Groundball, 13, EV 73.1 MPH)
|
|
Batting: RHB Reomel Somera
|
0-0: Called Strike 0-1: Ball 1-1: Ball 2-1: Called Strike 2-2: Fielders Choice at 2nd, 6-4 (Groundball, 6, EV 108.1 MPH)
|
| Top of the 6th over - 0 runs, 1 hit, 0 errors, 1 left on base; Batavia 6 - Auburn 7 |
| BOTTOM OF THE 6TH |
|
Auburn Doubledays batting - Pitching for Batavia Muckdogs : RHP Matt Slater
|
|
Batting: RHB Jessie Fisher
|
0-0: Ball 1-0: Ball 2-0: Called Strike 2-1: Foul Ball, location: 2F 2-2: Foul Ball, location: 2F 2-2: Foul Ball, location: 2F 2-2: Ball 3-2: Ground out 5-3 (Groundball, 56S, EV 87.5 MPH)
|
|
Batting: LHB Yasuo Igarashi
|
0-0: SINGLE (Groundball, 4MD, EV 97.5 MPH)
|
|
Batting: RHB Lamar Thornton
|
0-0: Called Strike 0-1: Ball Yasuo Igarashi steals 2nd base 1-1: Ground out U3 (Groundball, 3L, EV 111.2 MPH) Yasuo Igarashi to third
|
|
Pitching: RHP Tim Sherrill
|
|
|
Batting: RHB Bryan Wheeler
|
0-0: Ball 1-0: Called Strike 1-1: Ball 2-1: Foul Ball, location: 2F 2-2: Strikes out swinging
|
| Bottom of the 6th over - 0 runs, 1 hit, 0 errors, 1 left on base; Batavia 6 - Auburn 7 |
| TOP OF THE 7TH |
|
Batavia Muckdogs batting - Pitching for Auburn Doubledays : RHP Steve Barnes
|
|
Batting: RHB Justin Dunham
|
0-0: Foul Ball, location: 2F 0-1: Foul Ball, location: 2F 0-2: Ball 1-2: Ball 2-2: Ball 3-2: Strikes out looking
|
|
Batting: RHB Andy Kelly
|
0-0: Called Strike 0-1: Ground out 6-3 (Groundball, 6S, EV 91.9 MPH)
|
|
Batting: RHB George Boivin
|
0-0: Foul Ball, location: 2F 0-1: Called Strike 0-2: Reached on error, E4 (Groundball, 4MS, EV 83.1 MPH)
|
|
Batting: RHB Jim Fisher
|
0-0: Ball 1-0: Called Strike 1-1: Called Strike 1-2: Ball 2-2: Ball Wild Pitch! George Boivin to third 3-2: Strikes out looking
|
| Top of the 7th over - 0 runs, 0 hits, 1 error, 1 left on base; Batavia 6 - Auburn 7 |
| BOTTOM OF THE 7TH |
|
Auburn Doubledays batting - Pitching for Batavia Muckdogs : RHP Tim Sherrill
|
|
Batting: RHB Leo Gutierrez
|
0-0: Ball 1-0: Foul Ball, location: 2F 1-1: Called Strike 1-2: Ball 2-2: Strikes out swinging
|
|
Batting: LHB Vince McLane
|
0-0: DOUBLE (Line Drive, 89D, EV 101.9 MPH)
|
|
Batting: SHB Alex Medina
|
0-0: Called Strike 0-1: Ball 1-1: Ball 2-1: Called Strike 2-2: Ball 3-2: Base on Balls
|
|
Batting: LHB Adam Lancaster
|
0-0: Ball 1-0: SINGLE (Groundball, 4D, EV 103.1 MPH) Vince McLane to third Alex Medina to second Runner from 3rd tries for Home, SAFE, throw by CF to home
|
|
Batting: RHB Joe Young
|
0-0: Called Strike 0-1: Swinging Strike Passed Ball! Alex Medina to third Adam Lancaster to second 0-2: Ball 1-2: Foul Ball, location: 2F 1-2: Strikes out swinging
|
|
Batting: RHB Jessie Fisher
|
0-0: Foul Ball, location: 2F 0-1: Ball 1-1: Ball 2-1: Swinging Strike 2-2: Ball 3-2: Strikes out swinging
|
| Bottom of the 7th over - 1 run, 2 hits, 0 errors, 2 left on base; Batavia 6 - Auburn 8 |
| TOP OF THE 8TH |
|
Batavia Muckdogs batting - Pitching for Auburn Doubledays : RHP Steve Barnes
|
|
Batting: RHB Hiromitsu Yamada
|
0-0: Ball 1-0: Ball 2-0: Called Strike 2-1: Ball 3-1: Swinging Strike 3-2: Strikes out looking
|
|
Batting: RHB Jeremy Dennis
|
0-0: Foul Ball, location: 2F 0-1: Hit by Pitch
|
|
Batting: SHB Justin Corbett
|
0-0: Ball 1-0: Foul Ball, location: 2F 1-1: Ball 2-1: Called Strike 2-2: Foul Ball, location: 2F 2-2: Ball 3-2: Base on Balls Jeremy Dennis to second
|
|
Pitching: RHP Oswaldo Vasquez
|
|
|
Batting: LHB Danny Treto
|
0-0: Ball 1-0: Ground out U3 (Groundball, 3S, EV 60.6 MPH) Jeremy Dennis to third Justin Corbett to second
|
|
Batting: RHB Reomel Somera
|
0-0: Ball 1-0: Fly out, F9 (Flyball, 9, EV 94.4 MPH)
|
| Top of the 8th over - 0 runs, 0 hits, 0 errors, 2 left on base; Batavia 6 - Auburn 8 |
| BOTTOM OF THE 8TH |
|
Auburn Doubledays batting - Pitching for Batavia Muckdogs : RHP Tim Sherrill
|
|
Batting: LHB Yasuo Igarashi
|
0-0: Ball 1-0: Ground out 4-3 (Groundball, 4, EV 84.4 MPH)
|
|
Batting: RHB Lamar Thornton
|
0-0: SINGLE (Groundball, 34D, EV 101.9 MPH)
|
|
Pitching: LHP Will Sledge
|
|
|
Batting: RHB Bryan Wheeler
|
0-0: Ball Wild Pitch! Lamar Thornton to second 1-0: Ball 2-0: DOUBLE (Groundball, 5L, EV 101.9 MPH) Lamar Thornton scores
|
|
Batting: RHB Leo Gutierrez
|
0-0: Intentional Walk
|
|
Batting: LHB Vince McLane
|
0-0: Foul Ball, location: 2F 0-1: Ball 1-1: Ball 2-1: SINGLE (Groundball, P, EV 78.8 MPH) (infield hit) Bryan Wheeler to third Leo Gutierrez to second
|
|
Batting: SHB Alex Medina
|
0-0: Swinging Strike 0-1: SINGLE (Line Drive, 8LS, EV 100.0 MPH) Bryan Wheeler scores Leo Gutierrez to third Vince McLane to second
|
|
Batting: LHB Adam Lancaster
|
0-0: Called Strike 0-1: Swinging Strike 0-2: Ball 1-2: Foul Ball, location: 2F 1-2: Strikes out swinging
|
|
Batting: RHB Joe Young
|
0-0: Ball 1-0: Ball 2-0: Ball 3-0: Called Strike 3-1: Foul Ball, location: 2F 3-2: Base on Balls Leo Gutierrez scores Vince McLane to third Alex Medina to second
|
|
Batting: RHB Jessie Fisher
|
0-0: Foul Ball, location: 2F 0-1: Ball 1-1: Ball 2-1: Ground out 4-3 (Groundball, 34D, EV 78.8 MPH)
|
| Bottom of the 8th over - 3 runs, 4 hits, 0 errors, 3 left on base; Batavia 6 - Auburn 11 |
| TOP OF THE 9TH |
|
Batavia Muckdogs batting - Pitching for Auburn Doubledays : RHP Oswaldo Vasquez
|
|
Batting: RHB Justin Dunham
|
0-0: Ball 1-0: Called Strike 1-1: Called Strike 1-2: Foul Ball, location: 2F 1-2: Ball 2-2: Strikes out swinging
|
|
Batting: RHB Andy Kelly
|
0-0: Foul Ball, location: 2F 0-1: Ball 1-1: Called Strike 1-2: Strikes out swinging
|
|
Batting: RHB George Boivin
|
0-0: Ball 1-0: Called Strike 1-1: Fly out, F8 (Flyball, 8LD, EV 101.9 MPH)
|
| Top of the 9th over - 0 runs, 0 hits, 0 errors, 0 left on base; Batavia 6 - Auburn 11 |
|